AoeStats
← MyGO.Soyo

Black Forest

509107438Analyzed
4v4 RM · 6d ago on Sep 25, 2026· 45m 43s· 8 players
Game mode
Random Map
Map size
Large (8 player)
Population
200
Speed
Normal
Resources
Standard
Victory
Conquest
Starting age
Dark Age
Ending age
Imperial Age
RankedLock teamsTeams togetherTeam positionsShared explorationLock speedFull tech treeHidden civsTurbo modeCheats
Victory
Defeat
🇮🇳 Inca · India
1232
+16
🇨🇿 Celts · Czechia
1229
+17
🇮🇳 Khmer · India
1211
+17
🇨🇳 Romans · China
1170
+18
🇹🇼 Bohemians · Taiwan
1239
-17
🇹🇼 Danes · Taiwan
1239
-17
🇹🇼 Mongols · Taiwan
1239
-17
🇹🇼 Spanish · Taiwan
1238
-17
bamboe
6:38 Loom
10:43 Feudal Age
16:28 Castle Age
14:47 Double-Bit Axe
23:16 Horse Collar
24:37 Wheelbarrow
25:06 Heavy Plow
30:04 Imperial Age
29:09 Hand Cart
30:06 Gold Mining
30:08 Stone Mining
30:30 Bow Saw
30:30 Fletching
31:02 Ballistics
31:20 Elite Ballista Elephant
32:53 Conscription
33:47 Bodkin Arrow
33:59 Scale Barding Armor
34:57 Chemistry
34:03 Siege Engineers
34:26 Town Watch
37:59 Husbandry
38:09 Bloodlines
38:48 Light Cavalry
39:50 Double Crossbow
40:21 Forging
40:32 Chain Barding Armor
41:07 Hussar
44:02 Plate Barding Armor
44:03 Iron Casting
46:01 Blast Furnace
Lurker
0:25 Loom
12:38 Feudal Age
17:55 Castle Age
16:26 Double-Bit Axe
16:31 Horse Collar
25:29 Heavy Plow
25:42 Bow Saw
26:41 Stone Mining
28:50 Stone Shaft Mining
29:12 Wheelbarrow
29:00 Gold Mining
29:49 Forging
29:39 Scale Mail Armor
30:19 Gold Shaft Mining
31:14 Hand Cart
31:45 Iron Casting
31:25 Chain Mail Armor
31:15 Town Watch
34:27 Imperial Age
32:01 Town Patrol
33:51 Squires
33:38 Arson
35:08 Fabric Shields
34:29 Elite Kamayuk
35:42 Conscription
36:27 Blast Furnace
35:57 Plate Mail Armor
37:14 Crop Rotation
37:43 Champi Runner
[82AD] WindCraft
1:33 Loom
6:43 Loom
9:35 Feudal Age
13:26 Double-Bit Axe
15:50 Castle Age
13:51 Horse Collar
15:16 Fishing Lines
16:50 Gillnets
18:48 Bow Saw
23:17 Wheelbarrow
23:48 Heavy Plow
26:06 Hand Cart
26:30 Gold Mining
26:32 Stone Mining
30:38 Imperial Age
29:23 Stone Shaft Mining
29:23 Gold Shaft Mining
29:01 Fletching
29:12 Padded Archer Armor
30:20 Ballistics
29:45 Pikeman
32:31 Chemistry
32:07 Conscription
31:52 Bodkin Arrow
32:12 Leather Archer Armor
32:12 Heavy Scorpion
34:39 Furor Celtica
35:18 Ring Archer Armor
34:45 Halberdier
37:19 Elite Woad Raider
39:45 Forging
39:36 Scale Mail Armor
40:51 Capped Ram
42:14 Siege Ram
43:42 Iron Casting
43:22 Chain Mail Armor
MyGO.Soyo
0:28 Loom
14:20 Feudal Age
16:12 Wheelbarrow
15:58 Double-Bit Axe
18:40 Castle Age
16:50 Horse Collar
17:15 Gold Mining
19:49 Bow Saw
19:42 Heavy Plow
26:32 Fervor
28:33 Hand Cart
29:55 Stone Mining
30:57 Gold Shaft Mining
34:04 Imperial Age
32:29 Caravan
32:16 Man-at-Arms
32:17 Pikeman
33:36 Fortified Wall
33:46 Ballistics
34:08 Scale Mail Armor
34:19 Forging
34:00 Long Swordsman
34:43 Squires
34:08 Capped Ram
35:21 Siege Ram
35:46 Heavy Scorpion
37:47 Chain Mail Armor
38:08 Iron Casting
37:59 Conscription
37:04 Halberdier
39:08 Comitatenses
38:54 Ballistas
39:34 Legionary
Lowawrd
0:40 Loom
12:06 Feudal Age
15:35 Castle Age
13:37 Double-Bit Axe
14:41 Town Watch
15:32 Horse Collar
17:08 Bow Saw
18:26 Heavy Plow
22:26 Wheelbarrow
26:26 Gold Mining
26:27 Stone Mining
27:29 Hand Cart
30:09 Imperial Age
30:16 Imperial Age
29:07 Stone Shaft Mining
29:00 Caravan
29:30 Coinage
28:44 Pikeman
29:25 Squires
29:27 Scale Mail Armor
30:11 Thumb Ring
30:22 Forging
30:44 Padded Archer Armor
31:06 Ballistics
31:59 Chemistry
31:20 Ballistics
32:15 Two-Man Saw
31:15 Halberdier
32:22 Guilds
33:33 Conscription
34:03 Inquisition
34:26 Bombard Tower
37:55 Town Patrol
38:06 Murder Holes
37:47 Onager
40:28 Banking
40:37 Block Printing
41:02 Theocracy
41:50 Redemption
42:01 Sanctity
41:52 Fervor
42:08 Illumination
42:13 Chain Mail Armor
42:34 Iron Casting
42:14 Leather Archer Armor
43:28 Illumination
43:14 Fervor
43:25 Sanctity
43:53 Husbandry
44:03 Bloodlines
43:14 Light Cavalry
8468547
3:58 Loom
13:00 Feudal Age
17:08 Castle Age
14:58 Double-Bit Axe
14:55 Horse Collar
19:54 Wheelbarrow
23:22 Hand Cart
23:24 Town Watch
24:42 Gold Mining
26:07 Gold Shaft Mining
26:29 Caravan
27:02 Stone Mining
30:04 Heavy Plow
30:29 Scale Mail Armor
33:01 Imperial Age
30:46 Forging
31:27 Chain Mail Armor
33:26 Iron Casting
32:34 Pikeman
33:15 Squires
33:00 Gambesons
34:31 Plate Mail Armor
33:23 Halberdier
33:28 Onager
35:09 Blast Furnace
34:26 Siege Engineers
35:42 Conscription
34:46 Siege Onager
36:06 Northmen's Fury
37:38 Bow Saw
37:05 Elite Varangian Guard
37:30 Arson
37:27 Hamask
39:25 Chemistry
38:44 Capped Ram
40:14 Fletching
40:24 Padded Archer Armor
40:30 Scale Barding Armor
41:35 Siege Ram
42:20 Heavy Scorpion
44:38 Coinage
44:14 Bodkin Arrow
44:06 Arrowslits
44:33 Town Patrol
45:19 Stone Shaft Mining
45:40 Ballistics
45:56 Banking
46:06 Bracer
ocek
0:33 Loom
12:22 Feudal Age
16:20 Castle Age
14:54 Double-Bit Axe
14:50 Horse Collar
15:50 Town Watch
17:18 Bow Saw
17:09 Heavy Plow
19:06 Fervor
24:52 Wheelbarrow
25:43 Caravan
26:14 Coinage
26:45 Hand Cart
30:29 Imperial Age
29:21 Chemistry
28:51 Scale Mail Armor
29:13 Ballistics
29:06 Forging
29:48 Chain Mail Armor
29:36 Padded Archer Armor
29:47 Masonry
29:30 Pikeman
30:10 Squires
29:55 Arson
30:32 Leather Archer Armor
30:53 Houfnice
32:31 Plate Mail Armor
32:41 Iron Casting
33:38 Wagenburg Tactics
34:02 Siege Engineers
35:11 Blast Furnace
34:54 Ring Archer Armor
35:15 Fletching
35:18 Halberdier
36:47 Bodkin Arrow
38:32 Conscription
39:05 Architecture
39:38 Murder Holes
41:24 Elite Hussite Wagon
鯊魚森氣氣
10:49 Feudal Age
11:39 Double-Bit Axe
14:26 Castle Age
12:39 Horse Collar
13:43 Fishing Lines
15:17 Bow Saw
20:42 Gillnets
22:16 Wheelbarrow
22:55 Gold Mining
23:42 Hand Cart
23:50 Hand Cart
24:49 Gold Shaft Mining
24:29 Loom
29:00 Imperial Age
26:33 Stone Mining
27:01 Heavy Plow
27:02 Fletching
27:13 Padded Archer Armor
27:29 Town Watch
27:40 Bodkin Arrow
28:07 Ballistics
28:42 Leather Archer Armor
28:48 Scale Mail Armor
28:57 Scale Barding Armor
29:42 Thumb Ring
29:48 Bracer
30:50 Chemistry
29:56 Siege Engineers
30:43 Chain Barding Armor
30:33 Forging
30:51 Parthian Tactics
31:08 Conscription
31:29 Stone Shaft Mining
31:09 Caravan
31:30 Nomads
32:22 Iron Casting
32:44 Coinage
32:40 Masonry
31:56 Elite Mangudai
33:33 Drill
33:25 Onager
35:51 Blast Furnace
35:24 Siege Onager
36:19 Husbandry
36:30 Bloodlines
39:21 Hoardings
41:07 Sappers
42:25 Banking
43:51 Chain Mail Armor
Connection lost

Rejoining the realm…

Still unreachable

The connection could not be restored.

Session expired

The server has moved on; the page needs a fresh start.